 Dungeon Crawl Stone Soup version 0.23-a0-395-gcf17ac6 (webtiles) character file.

973 BingusPrime the Insei (level 7, -6/53 HPs)
             Began as a Yellow Draconian Transmuter on Nov 1, 2018.
             Mangled by an orc
             ... wielding a +0 short sword
              (7 damage)
             ... on level 5 of the Dungeon.
             The game lasted 00:17:50 (6145 turns).

BingusPrime the Insei (Yellow Draconian Transmuter) Turns: 6145, Time: 00:17:51

Health: -6/53      AC:  7    Str: 12    XL:     7   Next: 94%
Magic:  13/13      EV: 19    Int: 14    God:
Gold:   278        SH:  0    Dex: 18    Spells: 11/14 levels left

rFire    . . .     SeeInvis .     - Unarmed
rCold    . . .     Gourm    .   (no shield)
rNeg     . . .     Faith    .   (armour unavailable)
rPois    .         Spirit   .   (helmet restricted)
rElec    .         Reflect  .   (no cloak)
rCorr    +         Harm     .   (no gloves)
MR       .....                  m - +0 pair of boots
Stlth    +++.......             e - amulet of rage
HPRegen  0.17/turn              (no ring)
MPRegen  0.13/turn              (no ring)

@: agile, studying Hexes
A: spit acid, acid resistance, unfitting armour, cold-blooded, AC +6
a: Breathe Acid, Evoke Berserk Rage


You were on level 5 of the Dungeon.
You were not hungry.

You visited 1 branch of the dungeon, and saw 6 of its levels.

You collected 278 gold pieces.

Inventory:

Missiles
 a - 34 arrows
 l - 13 javelins
 p - 2 javelins of returning (quivered)
Armour
 m - a +0 pair of boots (worn)
Jewellery
 e - an amulet of rage (around neck)
Wands
 s - a wand of disintegration (12)
Scrolls
 g - 2 scrolls of fog
 i - a scroll of immolation {unknown}
 j - 2 scrolls of fear
 k - a scroll of enchant weapon {unknown}
 o - a scroll of blinking {unknown}
 q - 2 scrolls of identify
 r - a scroll of remove curse {unknown}
 t - a scroll of amnesia {unknown}
Potions
 d - 3 potions of curing
Books
 u - a manual of Hexes
Comestibles
 c - 3 rations


   Skills:
 + Level 1.8 Fighting
 + Level 1.0 Throwing
 + Level 3.1 Dodging
 + Level 1.4 Stealth
 - Level 5.7 Unarmed Combat
 + Level 4.2 Spellcasting
 * Level 5.3 Transmutations


You had 11 spell levels left.
You knew the following spells:

 Your Spells              Type           Power        Failure   Level  Hunger
a - Beastly Appendage     Tmut           ###...       2%          1    None
b - Sticks to Snakes      Tmut           ###.....     3%          2    ##.....

Your spell library contained the following spells:

 Spells                   Type           Power        Failure   Level  Hunger
 Spider Form              Tmut/Pois      ##........   19%         3    ###....
 Blade Hands              Tmut           ###.......   52%         5    ######.
 Ice Form                 Ice/Tmut       ##......     54%         4    ####...


Dungeon Overview and Level Annotations

Branches:
Dungeon (6/15)
 Temple: D:4-7

Altars:
Ashenzari
Elyvilon
Gozag
Hepliaklqana
Kikubaaqudgha
Trog
Uskayaw
Vehumet
Xom
Yredelemnul
The Shining One


Innate Abilities, Weirdness & Mutations

You can spit globs of acid.
You are resistant to acid.
Your golden yellow scales are hard. (AC +6)
You cannot fit into any form of body armour.
You are cold-blooded and may be slowed by cold attacks.


Message History

You barely miss something. The orc closely misses you.
You hear some strange, mumbled words.
A magic dart appears from out of thin air!
The magic dart hits you!
* * * LOW HITPOINT WARNING * * *
You punch something!
Reactivating autopickup.
You feel a bit more experienced. The orc hits you with a +0 short sword!
* * * LOW HITPOINT WARNING * * *
You hit the orc.
You tail-slap the orc, but do no damage.
The orc is severely wounded.
The orc closely misses you.
You hit the orc.
The orc is almost dead.
The orc barely misses you.
You barely miss the orc.
The orc is almost dead.
The orc hits you with a +0 short sword!
You die...

#.....# #.#..#...#.#..# #.#
##.....###.#......#.#.## #.#
.'.....'.....(....#.#######
#.#
##....<###.###....#.......#
#.# .......#
#.#......#######.# #.#
.......# #.#.##...# #.####.##
.......# #.#.##...# #.#.....#
.......#
#.#.##).)#######.#.#####
.......#
#.#.###@.......#.#.##
.......#
#.#.#.o..#####.#.#..#
......##
#...#.#......#.#.##.# ......#
#####.#.####.#.#.##.# ......#
#.#.#..#.#.#.##.# ......#
#.#.#..#.#.#....# ......#
#.#.#..#.#)######
##############......#.......#
#....)....##.###.###.#


You could see an orc.

Vanquished Creatures
  An ice beast (D:5)
  An ogre (D:5)
  A centaur (D:5)
  A bullfrog (D:5)
  A bullfrog zombie (D:5)
  A crimson imp (D:5)
  A hound (D:6)
  An orc priest (D:3)
  3 orc wizards
  A centaur skeleton (D:4)
  Jessica (D:2)
  2 worker ants
  A hound zombie (D:5)
  11 adders
  A shadow imp (D:5)
  2 oozes
  2 adder skeletons
  2 worms
  2 dart slugs
  3 leopard geckos
  10 orcs
  6 giant cockroaches
  6 hobgoblins
  3 jackals (D:3)
  13 kobolds
  A quokka (D:2)
  A ball python (D:2)
  8 bats
  7 frilled lizards
  A goblin (D:2)
  A leopard gecko zombie (D:5)
  A quokka skeleton (D:4)
  9 rats
106 creatures vanquished.

Vanquished Creatures (collateral kills)
  An ogre (D:5)
  A scorpion (D:4)
  A worker ant (D:4)
  An adder (D:4)
  A worm (D:3)
  An orc (D:5)
6 creatures vanquished.

Grand Total: 112 creatures vanquished

Notes
Turn   | Place    | Note
-------+----------+-------------------------------------------
     0 | D:1      | BingusPrime the Draconian Transmuter began the quest for
                  | the Orb.
     0 | D:1      | Reached XP level 1. HP: 16/16 MP: 3/3
   232 | D:1      | Reached XP level 2. HP: 23/23 MP: 0/5
   280 | D:1      | Learned a level 2 spell: Sticks to Snakes
   834 | D:2      | Reached XP level 3. HP: 28/28 MP: 4/6
   913 | D:2      | Noticed Jessica
   922 | D:2      | Killed Jessica
  1112 | D:2      | Reached XP level 4. HP: 35/35 MP: 4/7
  1563 | D:2      | Found a bloodstained altar of Trog.
  1713 | D:2      | Found a hazy altar of Hepliaklqana.
  1767 | D:2      | Found a basalt altar of Yredelemnul.
  1901 | D:3      | Reached XP level 5. HP: 16/40 MP: 1/8
  2632 | D:3      | Found an ancient bone altar of Kikubaaqudgha.
  2637 | D:3      | Found a shimmering altar of Xom.
  2704 | D:3      | Found a shattered altar of Ashenzari.
  3036 | D:4      | Reached skill level 5 in Unarmed Combat
  3086 | D:4      | Found a white marble altar of Elyvilon.
  3181 | D:4      | Found an opulent altar of Gozag.
  3460 | D:4      | Reached XP level 6. HP: 47/47 MP: 10/10
  3667 | D:4      | Found a glowing golden altar of the Shining One.
  3711 | D:4      | Found a radiant altar of Vehumet.
  3927 | D:5      | Entered Level 5 of the Dungeon
  4311 | D:5      | Found a hide-covered altar of Uskayaw.
  4669 | D:5      | Reached skill level 1 in Stealth
  4669 | D:5      | Your scales start taking on a golden yellow colour.
  4669 | D:5      | Reached XP level 7. HP: 45/52 MP: 8/12
  5019 | D:5      | Reached skill level 1 in Throwing
  5804 | D:5      | HP: 2/53 [ice beast (6)]
  5807 | D:5      | Reached skill level 5 in Transmutations
  6142 | D:5      | HP: 1/53 [orc/+0 short sword (7)]
  6145 | D:5      | Mangled by an orc

Vault maps used:
D:1:      psy_arrival_whirlpool
D:2:      lemuel_round_altar, lightli_temple_of_fire, marbit_many_paths,
          minmay_misc_feat_nine_boxes, minmay_crystal_water, uniq_jessica
D:3:      minitemple, nicolae_ashenzari_panopticon
D:4:      grunt_gozag_breadcrumbs, tso_oasis_becter, vehumet_crystals,
          first_ration, kennysheep_decorative_pillar, elyvilon_altar_1
D:5:      basic_altar, minmay_manual_monstrance
D:6:      minmay_temple_entry_poolview, minmay_door_square, st_stairs_6,
          minmay_manual_mess

Skill      XL: |  1  2  3  4  5  6  7 |
---------------+----------------------+-----
Dodging        | 2 3 |  3.1
Unarmed Combat | 4 5 |  5.7
Spellcasting   | 3 4 |  4.2
Transmutations | 3 5 |  5.3
Stealth        | 1 |  1.4
Throwing       | 1 |  1.0
Fighting       | |  1.8

Action                   |  1- 3 |  4- 6 |  7- 9 || total
-------------------------+-------+-------+-------++-------
Melee: Unarmed           |    79 |   244 |    74 ||   397
       Headbutt          |     5 |    30 |    12 ||    47
       Kick              |     5 |     1 |       ||     6
       Tailslap          |     5 |    24 |     8 ||    37
       Punch             |     1 |     6 |     1 ||     8
Throw: Javelin           |       |    30 |     6 ||    36
 Cast: Beastly Appendage |    15 |    35 |     8 ||    58
       Sticks to Snakes  |       |    15 |     6 ||    21
 Abil: Breathe Acid      |       |       |     2 ||     2
  Use: Scroll            |       |     4 |     1 ||     5
       Potion            |       |     1 |     4 ||     5
 Stab: Sleeping          |     1 |     1 |       ||     2
       Distracted        |       |       |     1 ||     1
  Eat: Chunk             |       |    13 |     6 ||    19
Armor: Skin              |    30 |    74 |    41 ||   145
Dodge: Dodged            |    35 |   180 |    72 ||   287

Table legend:
 A = Non-vault XP
 B = Vault XP
 C = Vault XP percentage of total XP
 D = Non-vault monster count
 E = Vault monster count
 F = Vault count percentage of total count
                 A         B        C        D         E       F
            +---------+---------+-------+---------+---------+-------
      Total |    1253 |     137 |   9.9 |     107 |       5 |   4.5
            +---------+---------+-------+---------+---------+-------
        D:1 |      33 |       0 |   0.0 |      15 |       0 |   0.0
        D:2 |      85 |      39 |  31.5 |      27 |       2 |   6.9
        D:3 |     109 |       0 |   0.0 |      24 |       0 |   0.0
        D:4 |     211 |       0 |   0.0 |      17 |       0 |   0.0
        D:5 |     731 |      98 |  11.8 |      20 |       3 |  13.0
        D:6 |      84 |       0 |   0.0 |       4 |       0 |   0.0
            +---------+---------+-------+---------+---------+-------
